 Dungeon Crawl Stone Soup version 0.29-a0-653-gd47aff6735 (webtiles) character file.

Game seed: 17258372875715384430

493 testman the Cudgeller (level 7, -2/52 HPs)
             Began as a Gnoll Wanderer on June 21, 2022.
             Slain by a mummy (4 damage)
             ... in an ossuary.
             The game lasted 00:09:22 (5888 turns).

testman the Cudgeller (Gnoll Wanderer)              Turns: 5888, Time: 00:09:22

Health: -2/52      AC:  4    Str: 12    XL:     7   Next: 15%
Magic:  8/10       EV: 12    Int: 16    God:
Gold:   116        SH:  0    Dex: 15    Spells: 9/10 levels left

rFire   x . .      SeeInvis .   s - +3 falchion of Evisceration {freeze, rPois rF- Int+7 Stlth-}
rCold   . . .      Faith    .   (no shield)
rNeg    . . .      Spirit   .   f - +0 leather armour
rPois   +          Reflect  .   (no helmet)
rElec   .          Harm     .   (no cloak)
rCorr   .          Rampage  .   x - +0 pair of gloves
Will    .....                   (no boots)
Stlth   +.........              (no amulet)
HPRegen 0.17/turn               (no ring)
MPRegen 0.12/turn               (no ring)

@: no status effects
A: fangs 1, strong nose, distributed training
a: no special abilities


You were in an ossuary.
You visited 1 branch of the dungeon, and saw 5 of its levels.
You also visited: Ossuary.

You collected 116 gold pieces.

Inventory:

Hand Weapons
 a - a +2 mace
 b - a +0 falchion
 d - a +0 dagger
 s - the +3 falchion of Evisceration (weapon) {freeze, rPois rF- Int+7 Stlth-}
   (You found it on level 2 of the Dungeon)

   It freezes those it strikes, dealing additional cold damage.
   It can also slow down cold-blooded creatures.
   Int:       It affects your intelligence (+7).
   rF:        It makes you vulnerable to fire.
   rPois:     It protects you from poison.
   Stlth:     It makes you less stealthy.
Missiles
 c - 10 boomerangs (quivered)
Armour
 f - a +0 leather armour (worn)
 x - a +0 pair of gloves (worn)
Jewellery
 v - a ring of flight
Wands
 w - a wand of mindburst (5)
 z - a wand of paralysis (14)
Scrolls
 e - a scroll of vulnerability
 i - 2 scrolls of amnesia
 j - 2 scrolls of blinking
 l - 3 scrolls of identify
 n - a scroll of enchant weapon
 o - a scroll of silence
 t - a scroll of fog
Potions
 g - 4 potions of mutation {unknown}
 h - a potion of attraction {unknown}
 k - a potion of resistance {unknown}
 m - 2 potions of brilliance {unknown}
 p - a potion of degeneration {unknown}
 q - a potion of curing {unknown}
 r - a potion of haste {unknown}
 u - a potion of heal wounds {unknown}
 A - 2 potions of might {unknown}


   Skills:
 + Level 3.5 Fighting
 + Level 2.3 Short Blades
 + Level 3.5 Long Blades
 + Level 2.3 Axes
 + Level 7.0 Maces & Flails
 + Level 2.3 Polearms
 + Level 2.3 Staves
 + Level 2.3 Slings
 + Level 2.3 Bows
 + Level 2.3 Crossbows
 + Level 3.5 Throwing
 + Level 3.5 Armour
 + Level 2.3 Dodging
 + Level 3.3 Stealth
 + Level 2.3 Shields
 + Level 2.3 Unarmed Combat
 + Level 2.3 Spellcasting
 + Level 1.8 Conjurations
 + Level 1.8 Hexes
 + Level 1.8 Summonings
 + Level 1.8 Necromancy
 + Level 1.8 Translocations
 + Level 1.8 Transmutations
 + Level 1.8 Fire Magic
 + Level 1.8 Ice Magic
 + Level 1.8 Air Magic
 + Level 1.8 Earth Magic
 + Level 1.8 Poison Magic
 + Level 5.3 Invocations
 + Level 2.3 Evocations


You had 9 spell levels left.
You knew the following spells:

 Your Spells              Type           Power      Damage    Failure   Level
a - Foxfire               Conj/Fire      28%        2x1d5     12%         1

Your spell library contained the following spells:

 Spells                   Type           Power      Damage    Failure   Level
 Static Discharge         Conj/Air       7%         N/A       19%         2
 Conjure Flame            Conj/Fire      7%         6-21      34%         3
 Inner Flame              Hex/Fire       7%         N/A       34%         3
 Dispel Undead            Necr           7%         3d8       75%         4
 Flame Wave               Conj/Fire      7%         2d5       75%         4
 Sticky Flame             Conj/Fire      7%         2d3       75%         4


Dungeon Overview and Level Annotations

Branches:
Dungeon (5/15)            Ossuary (1/1)
 Temple: D:4-7

Altars:

Annotations:
D:3 1 runed translucent door, ThrustWizard's ghost, amateur OgWr


Innate Abilities, Weirdness & Mutations

You have very sharp teeth.
Your uncanny sense of smell can sniff out nearby items.
Your experience applies equally to all skills.


Message History

You hit the mummy.
The mummy is moderately damaged.
You barely miss the mummy. You bite the mummy, but do no damage.
The mummy is severely damaged.
The mummy closely misses you.
You hit the mummy. You bite the mummy, but do no damage.
The mummy is almost destroyed.
The mummy hits you.
You barely miss the mummy.
The mummy is almost destroyed.
The mummy barely misses you. The mummy hits you.
You slash the mummy! You freeze the mummy.
You destroy the mummy!
The mummy hits you!
You hit the mummy but do no damage. You bite the mummy.
The mummy is moderately damaged.
The mummy barely misses you.
You slash the mummy! Your bite misses the mummy.
The mummy is almost destroyed.
The mummy hits you! The mummy hits you.
You are too injured to fight recklessly!
You are too injured to fight recklessly!
You are too injured to fight recklessly!
Casting: Foxfire (safe; 12% risk of failure)
Confirm with . or Enter, or press ? or * to list all spells.
You conjure some foxfire!
The mummy misses you.
You hit the mummy.
You destroy the mummy!
The foxfire hits the mummy.
The mummy is lightly damaged.
The foxfire hits the mummy.
The mummy is burned terribly!
The mummy is moderately damaged.
The mummy barely misses you. The mummy hits you but does no damage.
Your Maces & Flails skill increases to level 7!
Casting: Foxfire (safe; 12% risk of failure)
Confirm with . or Enter, or press ? or * to list all spells.
You conjure some foxfire!
The mummy hits you!!
* * * LOW HITPOINT WARNING * * *
The mummy hits you.
You die...

#∩...........................
#............................
#..###'###'###'###+###+#####.
#..#...#...#...# #...#.
#..#.########'## ###.#.
#..#.#....#....# #.'.
#..###....#....# ###.
#..'.#....#v...# #.#.
#..#.'....#v@M.# #.#.
#..#.#######M### ######.'.
#..###....#... #....###.
#..'.#....#.... #....#.#.
#..#.#....#...!?∆ #....#.#.
#..#.'....#..??$!∆ #....'.'.
#..########..!$∩$? ########.
#..'.#....#..!!$?!. #....#.#.
#..#.'....# ∆∆∆ #....#.#.


You could see 2 mummies.

Vanquished Creatures
  3 centaur zombies (Ossuary)
  An orc priest (D:4)
  A human zombie (Ossuary)
  A jelly (D:5)
  2 orc wizards (D:4)
  An ogre zombie (Ossuary)
  5 mummies (Ossuary)
  6 adders
  An ufetubus (D:4)
  4 adder zombies (Ossuary)
  A worm (D:2)
  2 dart slugs
  10 orcs
  8 bats
  10 endoplasms
  4 giant cockroaches
  2 hobgoblins
  2 jackals (D:3)
  7 kobolds
  3 quokkas
  7 ball pythons
  3 frilled lizards
  4 goblins
  3 goblin zombies (Ossuary)
  6 hobgoblin zombies (Ossuary)
  2 kobold zombies (Ossuary)
  4 quokka zombies (Ossuary)
  3 rats
  2 rat zombies (Ossuary)
108 creatures vanquished.

Vanquished Creatures (others)
  6 foxfires (Ossuary)
  27 plants (D:2)
33 creatures vanquished.

Grand Total: 141 creatures vanquished

Notes
Turn   | Place    | Note
-------+----------+-------------------------------------------
     0 | D:1      | testman the Gnoll Wanderer began the quest for the Orb.
     0 | D:1      | testman set off with the following items: a +2 mace, a +0
                  | falchion, 8 boomerangs, a +0 dagger, a scroll of
                  | vulnerability, a +0 leather armour.
     0 | D:1      | Reached XP level 1. HP: 17/17 MP: 3/3
   348 | D:1      | Reached XP level 2. HP: 20/23 MP: 5/5
  1049 | D:2      | Reached XP level 3. HP: 22/28 MP: 6/6
  1252 | D:2      | Identified the +3 falchion of Evisceration {freeze, rPois
                  | rF- Int+7 Stlth-}
  1652 | D:2      | Reached skill level 1 in Short Blades
  1652 | D:2      | Reached skill level 1 in Axes
  1652 | D:2      | Reached skill level 1 in Polearms
  1652 | D:2      | Reached skill level 1 in Staves
  1652 | D:2      | Reached skill level 1 in Slings
  1652 | D:2      | Reached skill level 1 in Bows
  1652 | D:2      | Reached skill level 1 in Crossbows
  1652 | D:2      | Reached skill level 1 in Dodging
  1652 | D:2      | Reached skill level 1 in Shields
  1652 | D:2      | Reached skill level 1 in Unarmed Combat
  1652 | D:2      | Reached skill level 1 in Spellcasting
  1652 | D:2      | Reached skill level 1 in Evocations
  1652 | D:2      | Reached XP level 4. HP: 29/34 MP: 7/7
  2895 | D:3      | Reached skill level 1 in Conjurations
  2895 | D:3      | Reached skill level 1 in Hexes
  2895 | D:3      | Reached skill level 1 in Summonings
  2895 | D:3      | Reached skill level 1 in Necromancy
  2895 | D:3      | Reached skill level 1 in Translocations
  2895 | D:3      | Reached skill level 1 in Transmutations
  2895 | D:3      | Reached skill level 1 in Fire Magic
  2895 | D:3      | Reached skill level 1 in Ice Magic
  2895 | D:3      | Reached skill level 1 in Air Magic
  2895 | D:3      | Reached skill level 1 in Earth Magic
  2895 | D:3      | Reached skill level 1 in Poison Magic
  3203 | D:3      | Found a runed translucent door.
  3204 | D:3      | Noticed ThrustWizard's ghost (amateur OgWr)
  3551 | D:4      | Reached XP level 5. HP: 36/40 MP: 8/8
  4046 | D:4      | HP: 2/41 [orc wizard/+2 dagger of protection (4)]
  4498 | D:4      | Reached skill level 5 in Invocations
  4586 | D:5      | Entered Level 5 of the Dungeon
  4603 | D:5      | Reached XP level 6. HP: 47/47 MP: 9/9
  4650 | D:5      | Found a sand-covered staircase.
  4656 | Ossuary  | Entered an ossuary
  5141 | Ossuary  | Learned a level 1 spell: Foxfire
  5699 | Ossuary  | Reached XP level 7. HP: 44/52 MP: 10/10
  5888 | Ossuary  | Reached skill level 7 in Maces & Flails
  5888 | Ossuary  | HP: 2/52 [mummy (18)]
  5888 | Ossuary  | Slain by a mummy

Illustrated notes

Levels and vault maps discovered:
D:1:      dpeg_arrival_solitude, layout_basic
D:2:      layout_basic, serial_bayou, serial_bayou_pond_b,
          serial_bayou_crossing, serial_bayou_ford_a, serial_bayou_lake_a
D:3:      layout_basic, ebering_ghost_reflecting_pool, serial_corexii_hall,
          chequers_hall_statues_corner_a, corexii_hall_statues_i,
          chequers_hall_statues_y, corexii_hall_statues_x, st_stairs_7,
          minmay_crystal_water, hangedman_feature_mirror
D:4:      layout_basic
D:5:      layout_basic, nicolae_ossuary_entry_plus,
          minmay_hollow_rounded_squares
Ossuary:  ossuary_boxes_badplayer

Skill      XL: |  1  2  3  4  5  6  7 |
---------------+----------------------+-----
Short Blades   | 1 2 |  2.3
Axes           | 1 2 |  2.3
Polearms       | 1 2 |  2.3
Staves         | 1 2 |  2.3
Slings         | 1 2 |  2.3
Bows           | 1 2 |  2.3
Crossbows      | 1 2 |  2.3
Dodging        | 1 2 |  2.3
Shields        | 1 2 |  2.3
Unarmed Combat | 1 2 |  2.3
Spellcasting   | 1 2 |  2.3
Evocations     | 1 2 |  2.3
Conjurations   | 1 |  1.8
Hexes          | 1 |  1.8
Summonings     | 1 |  1.8
Necromancy     | 1 |  1.8
Translocations | 1 |  1.8
Transmutations | 1 |  1.8
Fire Magic     | 1 |  1.8
Ice Magic      | 1 |  1.8
Air Magic      | 1 |  1.8
Earth Magic    | 1 |  1.8
Poison Magic   | 1 |  1.8
Fighting       | 3 |  3.5
Long Blades    | 3 |  3.5
Throwing       | 3 |  3.5
Armour         | 3 |  3.5
Invocations    | 5 |  5.3
Stealth        | 3 |  3.3
Maces & Flails | 7 |  7.0

Action                   |  1- 3 |  4- 6 |  7- 9 || total
-------------------------+-------+-------+-------++-------
Melee: Mace              |    44 |       |       ||    44
       Bite              |     3 |    23 |     5 ||    31
       Falchion          |    28 |   223 |    27 ||   278
       Punch             |       |     4 |       ||     4
Throw: Boomerang         |       |       |     2 ||     2
 Cast: Foxfire           |       |       |     4 ||     4
  Use: Scroll            |       |     9 |       ||     9
 Stab: Sleeping          |     3 |     2 |     1 ||     6
Armor: Leather armour    |    27 |    49 |     6 ||    82
Dodge: Dodged            |    47 |   143 |    11 ||   201

Table legend: (Time is in decaauts)
 A = Elapsed time spent in this place.
 B = Non-inter-level travel time spent in this place.
 C = Inter-level travel time spent in this place.
 D = Time resting spent in this place.
 E = Time spent auto-exploring this place.
 F = Levels seen in this place.
 G = Mean time per level.
                   A        B        C        D        E       F      G
               +--------+--------+--------+--------+--------+-----+--------+
         Total |   5975 |   5760 |    215 |    864 |   4078 |   6 |  995.8 |
       Dungeon |   4726 |   4511 |    215 |    296 |   3584 |   5 |  945.2 |
       Ossuary |   1248 |   1248 |      0 |    568 |    494 |   1 | 1248.0 |
               +--------+--------+--------+--------+--------+-----+--------+

Top non-repeatable levels by time:
     D:4: 1350 daAuts
     D:2: 1269 daAuts
 Ossuary: 1248 daAuts
     D:3: 1166 daAuts
     D:1: 869 daAuts
     D:5: 70 daAuts
